IL
TACOMA RAINIERS @ FRESNO GRIZZLIES
07/30/2044
 
TOP OF THE 1ST
Tacoma Rainiers batting - Pitching for Fresno Grizzlies : RHP Gerardo Huerta
Pitching: RHP Gerardo Huerta
Batting: RHB David Aguilar 0-0: Ball
1-0: Ball
2-0: Called Strike
2-1: Swinging Strike
2-2: SINGLE (Line Drive, 89M, EV 108.1 MPH)
Batting: RHB Kumar Madugula 0-0: Ball
1-0: Ball
2-0: Called Strike
2-1: Grounds into double play, 6-4-3 (Groundball, 6, EV 80.0 MPH)
Batting: RHB Kevin Chafe 0-0: Foul Ball, location: 2F
0-1: Ball
1-1: Ball
2-1: Foul Ball, location: 2F
2-2: Foul Ball, location: 2F
2-2: Hit by Pitch
Batting: LHB Caleb Domino 0-0: Called Strike
0-1: Ball
1-1: Ball
2-1: Swinging Strike
2-2: Fielders Choice at 2nd, 6-4 (Groundball, 6, EV 81.9 MPH)
Top of the 1st over - 0 runs, 1 hit, 0 errors, 1 left on base; Tacoma 0 - Fresno 0
BOTTOM OF THE 1ST
Fresno Grizzlies batting - Pitching for Tacoma Rainiers : RHP Settan Suzuki
Pitching: RHP Settan Suzuki
Batting: SHB Nate Kopchak 0-0: Foul Ball, location: 2F
0-1: Foul Ball, location: 2F
0-2: Ground out 5-3 (Groundball, 56, EV 90.0 MPH)
Batting: LHB Chris Cabrera 0-0: Ball
1-0: Ball
2-0: Foul Ball, location: 2F
2-1: Ball
3-1: Foul Ball, location: 2F
3-2: DOUBLE (Line Drive, 78M, EV 96.2 MPH)
Batting: SHB Troy Kenyon 0-0: Foul Ball, location: 2F
0-1: Ball
1-1: Foul Ball, location: 2F
1-2: Strikes out swinging
Batting: LHB Mike Davis 0-0: Ball
1-0: Foul Ball, location: 2F
1-1: Called Strike
1-2: DOUBLE (Flyball, 8RXD, EV 92.5 MPH)
Chris Cabrera scores
Batting: LHB Sean Trueblood 0-0: Fly out, F8 (Flyball, 78S, EV 80.0 MPH)
Bottom of the 1st over - 1 run, 2 hits, 0 errors, 1 left on base; Tacoma 0 - Fresno 1
TOP OF THE 2ND
Tacoma Rainiers batting - Pitching for Fresno Grizzlies : RHP Gerardo Huerta
Batting: RHB Tatsunori Hayakawa 0-0: Ball
1-0: SINGLE (Groundball, 6MD, EV 101.9 MPH)
Batting: SHB Ismael Bello 0-0: Ball
Wild Pitch!
Tatsunori Hayakawa to second
1-0: Foul Ball, location: 2F
1-1: Swinging Strike
1-2: Strikes out swinging
Batting: SHB Tony de Lara 0-0: Ground out U3 (Groundball, 13, EV 90.0 MPH)
Tatsunori Hayakawa to third
Batting: RHB Jim Begger 0-0: Ball
1-0: Ball
2-0: Ball
3-0: Base on Balls
Batting: RHB Matt Berkley 0-0: Ball
1-0: Ball
2-0: Called Strike
2-1: Fly out, F8 (Line Drive, 8LM, EV 99.4 MPH)
Top of the 2nd over - 0 runs, 1 hit, 0 errors, 2 left on base; Tacoma 0 - Fresno 1
BOTTOM OF THE 2ND
Fresno Grizzlies batting - Pitching for Tacoma Rainiers : RHP Settan Suzuki
Batting: RHB Dave Glenn 0-0: Ball
1-0: Ball
2-0: Called Strike
2-1: SINGLE (Groundball, 56D, EV 100.0 MPH)
Batting: LHB Anthony Howie 0-0: SINGLE (Line Drive, 9LS, EV 111.2 MPH)
Dave Glenn to second
Batting: RHB Paul Shell 0-0: Fielders Choice at 2nd, 4-6 (Groundball, 4, EV 102.5 MPH)
Dave Glenn to third
Batting: RHB Tom Carico 0-0: Ball
1-0: Fly out, F8 (Flyball, 8RM, EV 93.1 MPH)
Runner from 3rd tags up, SCORES, throw by CF
Batting: SHB Nate Kopchak 0-0: Ball
1-0: Foul Ball, location: 2F
1-1: Ball
2-1: Ball
3-1: Called Strike
3-2: Ground out 6-3 (Groundball, 56, EV 110.0 MPH)
Bottom of the 2nd over - 1 run, 2 hits, 0 errors, 1 left on base; Tacoma 0 - Fresno 2
TOP OF THE 3RD
Tacoma Rainiers batting - Pitching for Fresno Grizzlies : RHP Gerardo Huerta
Batting: RHB David Aguilar 0-0: Foul Ball, location: 2F
0-1: Called Strike
0-2: Ball
1-2: Strikes out swinging
Batting: RHB Kumar Madugula 0-0: Called Strike
0-1: Ball
1-1: Ball
2-1: Swinging Strike
2-2: Ball
3-2: Strikes out swinging
Batting: RHB Kevin Chafe 0-0: Ball
1-0: Ball
2-0: Swinging Strike
2-1: Foul Ball, location: 2F
2-2: Strikes out swinging
Top of the 3rd over - 0 runs, 0 hits, 0 errors, 0 left on base; Tacoma 0 - Fresno 2
BOTTOM OF THE 3RD
Fresno Grizzlies batting - Pitching for Tacoma Rainiers : RHP Settan Suzuki
Batting: LHB Chris Cabrera 0-0: Foul Ball, location: 2F
0-1: Ball
1-1: Ball
2-1: Foul Ball, location: 2F
2-2: Ball
3-2: Foul Ball, location: 2F
3-2: Fly out, F7 (Flyball, 78D, EV 98.8 MPH)
Batting: SHB Troy Kenyon 0-0: SINGLE (Line Drive, 8LS, EV 87.5 MPH)
Batting: LHB Mike Davis 0-0: Ball
1-0: Ball
2-0: Ball
3-0: Called Strike
3-1: Foul Ball, location: 2F
3-2: Base on Balls
Troy Kenyon to second
Batting: LHB Sean Trueblood 0-0: Fly out, F7 (Flyball, 7LS, EV 86.2 MPH)
Batting: RHB Dave Glenn 0-0: Foul Ball, location: 2F
0-1: Foul Ball, location: 2F
0-2: Strikes out swinging
Bottom of the 3rd over - 0 runs, 1 hit, 0 errors, 2 left on base; Tacoma 0 - Fresno 2
TOP OF THE 4TH
Tacoma Rainiers batting - Pitching for Fresno Grizzlies : RHP Gerardo Huerta
Batting: LHB Caleb Domino 0-0: Fly out, F7 (Flyball, 7S, EV 85.0 MPH)
Batting: RHB Tatsunori Hayakawa 0-0: Fly out, F9 (Flyball, 89D, EV 111.2 MPH)
Batting: SHB Ismael Bello 0-0: Called Strike
0-1: Foul Ball, location: 2F
0-2: SOLO HOME RUN (Line Drive, 9LD, EV 95.6 MPH), Distance : 348 ft
Batting: SHB Tony de Lara 0-0: Swinging Strike
0-1: Ball
1-1: Foul Ball, location: 2F
1-2: Strikes out swinging
Top of the 4th over - 1 run, 1 hit, 0 errors, 0 left on base; Tacoma 1 - Fresno 2
BOTTOM OF THE 4TH
Fresno Grizzlies batting - Pitching for Tacoma Rainiers : RHP Settan Suzuki
Batting: LHB Anthony Howie 0-0: Called Strike
0-1: Called Strike
0-2: Ball
1-2: Strikes out looking
Batting: RHB Paul Shell 0-0: Foul Ball, location: 2F
0-1: Ground out 6-3 (Groundball, 6, EV 84.4 MPH)
Batting: RHB Tom Carico 0-0: Fly out, F8 (Flyball, 89D, EV 101.9 MPH)
Bottom of the 4th over - 0 runs, 0 hits, 0 errors, 0 left on base; Tacoma 1 - Fresno 2
TOP OF THE 5TH
Tacoma Rainiers batting - Pitching for Fresno Grizzlies : RHP Gerardo Huerta
Batting: RHB Jim Begger 0-0: Called Strike
0-1: Fly out, F4 (Flyball, 34D, EV 81.9 MPH)
Batting: RHB Matt Berkley 0-0: SINGLE (Groundball, 56D, EV 106.9 MPH)
Batting: RHB David Aguilar 0-0: Called Strike
Matt Berkley is caught stealing 2nd base 2-4
0-1: Called Strike
0-2: Ball
1-2: Ball
2-2: Foul Ball, location: 2F
2-2: Fly out, F8 (Flyball, 78D, EV 83.8 MPH)
Top of the 5th over - 0 runs, 1 hit, 0 errors, 0 left on base; Tacoma 1 - Fresno 2
BOTTOM OF THE 5TH
Fresno Grizzlies batting - Pitching for Tacoma Rainiers : RHP Settan Suzuki
Batting: SHB Nate Kopchak 0-0: Ball
1-0: Called Strike
1-1: Ball
2-1: Fly out, F6 (Popup, 6MD, EV 48.1 MPH)
Batting: LHB Chris Cabrera 0-0: Ball
1-0: Called Strike
1-1: Ball
2-1: Ball
3-1: Swinging Strike
3-2: DOUBLE (Flyball, 78XD, EV 101.9 MPH)
Batting: SHB Troy Kenyon 0-0: Swinging Strike
0-1: Ball
1-1: Ball
2-1: Ground out 3-1 (Groundball, 3L, EV 103.8 MPH)
Chris Cabrera to third
Batting: LHB Mike Davis 0-0: Called Strike
0-1: Called Strike
0-2: Foul Ball, location: 2F
0-2: Ball
1-2: Foul Ball, location: 2F
1-2: DOUBLE (Flyball, 8LXD, EV 100.6 MPH)
Chris Cabrera scores
Batting: LHB Sean Trueblood 0-0: Foul Ball, location: 2F
0-1: Ball
1-1: 2-RUN HOME RUN (Flyball, 9LD, EV 96.2 MPH), Distance : 363 ft
Pitching: RHP Nick Doty
Batting: RHB Dave Glenn 0-0: Ball
1-0: Ball
2-0: Called Strike
2-1: Called Strike
2-2: Foul Ball, location: 2F
2-2: Strikes out swinging
Bottom of the 5th over - 3 runs, 3 hits, 0 errors, 0 left on base; Tacoma 1 - Fresno 5
TOP OF THE 6TH
Tacoma Rainiers batting - Pitching for Fresno Grizzlies : RHP Gerardo Huerta
Batting: RHB Kumar Madugula 0-0: SINGLE (Groundball, 56D, EV 104.4 MPH)
Batting: RHB Kevin Chafe 0-0: Ball
1-0: Called Strike
1-1: Called Strike
1-2: Foul Ball, location: 2F
1-2: Ball
2-2: Foul Ball, location: 2F
2-2: Strikes out swinging
Batting: LHB Caleb Domino 0-0: Called Strike
0-1: Ball
1-1: Ball
2-1: Foul Ball, location: 2F
2-2: Ball
3-2: TRIPLE (Flyball, 9LD, EV 102.5 MPH)
Kumar Madugula scores
Batting: RHB Tatsunori Hayakawa 0-0: Swinging Strike
0-1: Swinging Strike
0-2: Ball
1-2: Foul Ball, location: 2F
1-2: Ball
2-2: Foul Ball, location: 2F
2-2: Ball
3-2: Base on Balls
Batting: SHB Ismael Bello 0-0: Foul Ball, location: 2F
0-1: Called Strike
0-2: Ball
1-2: Ball
2-2: Ball
3-2: Strikes out looking
Tatsunori Hayakawa steals 2nd base
Batter strikes out.
Pitching: RHP Alex Alicea
Batting: SHB Tony de Lara 0-0: Ball
1-0: Swinging Strike
1-1: SINGLE (Groundball, 3S, EV 63.1 MPH) (infield hit)
Caleb Domino scores
Tatsunori Hayakawa to third
Batting: RHB Jim Begger 0-0: Called Strike
0-1: Swinging Strike
0-2: Ball
1-2: Fielders Choice at 2nd, 6-4 (Groundball, 6, EV 80.0 MPH)
Top of the 6th over - 2 runs, 3 hits, 0 errors, 2 left on base; Tacoma 3 - Fresno 5
BOTTOM OF THE 6TH
Fresno Grizzlies batting - Pitching for Tacoma Rainiers : RHP Nick Doty
Batting: LHB Anthony Howie 0-0: Ball
1-0: Swinging Strike
1-1: Swinging Strike
1-2: Foul Ball, location: 2F
1-2: SOLO HOME RUN (Flyball, 89XD, EV 106.9 MPH), Distance : 409 ft
Batting: RHB Paul Shell 0-0: Ground out 6-3 (Groundball, 6, EV 83.1 MPH)
Batting: RHB Tom Carico 0-0: Ball
1-0: Fly out, F7 (Flyball, 8LM, EV 81.9 MPH)
Batting: SHB Nate Kopchak 0-0: Ball
1-0: Swinging Strike
1-1: Called Strike
1-2: Ball
2-2: Ball
3-2: Fly out, F2 (Popup, 23F, EV 81.9 MPH)
Bottom of the 6th over - 1 run, 1 hit, 0 errors, 0 left on base; Tacoma 3 - Fresno 6
TOP OF THE 7TH
Tacoma Rainiers batting - Pitching for Fresno Grizzlies : RHP Alex Alicea
Batting: RHB Matt Berkley 0-0: Called Strike
0-1: Foul Ball, location: 2F
0-2: Foul Ball, location: 2F
0-2: Ball
1-2: Ground out 3-1 (Groundball, 34, EV 78.1 MPH)
Batting: RHB David Aguilar 0-0: Foul Ball, location: 2F
0-1: Ball
1-1: Ball
2-1: Fly out, F5 (Popup, 56, EV 81.9 MPH)
Batting: RHB Kumar Madugula 0-0: Ball
1-0: Ball
2-0: Foul Ball, location: 2F
2-1: Ball
3-1: Swinging Strike
3-2: Base on Balls
Batting: RHB Kevin Chafe 0-0: Hit by Pitch
Kumar Madugula to second
Batting: LHB Caleb Domino 0-0: Called Strike
0-1: Ball
1-1: Swinging Strike
1-2: Ball
2-2: Strikes out swinging
Top of the 7th over - 0 runs, 0 hits, 0 errors, 2 left on base; Tacoma 3 - Fresno 6
BOTTOM OF THE 7TH
Fresno Grizzlies batting - Pitching for Tacoma Rainiers : RHP Nick Doty
Pitching: RHP Francisco Mercado
Batting: LHB Chris Cabrera 0-0: Fly out, F8 (Flyball, 8LS, EV 91.9 MPH)
Batting: SHB Troy Kenyon 0-0: Foul Ball, location: 2F
0-1: Ball
1-1: Ball
2-1: Ground out 6-3 (Groundball, 6, EV 106.2 MPH)
Batting: LHB Mike Davis 0-0: Ball
1-0: Ball
2-0: Called Strike
2-1: Swinging Strike
2-2: Ball
3-2: Foul Ball, location: 2F
3-2: Fly out, F9 (Flyball, 89S, EV 92.5 MPH)
Bottom of the 7th over - 0 runs, 0 hits, 0 errors, 0 left on base; Tacoma 3 - Fresno 6
TOP OF THE 8TH
Tacoma Rainiers batting - Pitching for Fresno Grizzlies : RHP Alex Alicea
Pitching: RHP Jose Guajardo
Batting: RHB Tatsunori Hayakawa 0-0: Called Strike
0-1: Foul Ball, location: 2F
0-2: Foul Ball, location: 2F
0-2: Ground out 5-3 (Groundball, 56, EV 84.4 MPH)
Batting: SHB Ismael Bello 0-0: Ball
1-0: Ball
2-0: Swinging Strike
2-1: Called Strike
2-2: Ball
3-2: Strikes out swinging
Batting: SHB Tony de Lara 0-0: Ball
1-0: Ball
2-0: Called Strike
2-1: Foul Ball, location: 2F
2-2: Ball
3-2: Base on Balls
Batting: RHB Jim Begger 0-0: Called Strike
0-1: Ball
1-1: Ball
2-1: Ball
3-1: Called Strike
3-2: Strikes out looking
Top of the 8th over - 0 runs, 0 hits, 0 errors, 1 left on base; Tacoma 3 - Fresno 6
BOTTOM OF THE 8TH
Fresno Grizzlies batting - Pitching for Tacoma Rainiers : RHP Francisco Mercado
Batting: LHB Sean Trueblood 0-0: Ball
1-0: Called Strike
1-1: Foul Ball, location: 2F
1-2: Ball
2-2: Ground out 6-3 (Groundball, 6, EV 88.1 MPH)
Batting: RHB Dave Glenn 0-0: Fly out, F9 (Flyball, 89D, EV 78.1 MPH)
Batting: LHB Anthony Howie 0-0: Ball
1-0: Ball
2-0: Called Strike
2-1: Foul Ball, location: 2F
2-2: Foul Ball, location: 2F
2-2: Fly out, F7 (Flyball, 7LS, EV 96.9 MPH)
Bottom of the 8th over - 0 runs, 0 hits, 0 errors, 0 left on base; Tacoma 3 - Fresno 6
TOP OF THE 9TH
Tacoma Rainiers batting - Pitching for Fresno Grizzlies : RHP Jose Guajardo
Pitching: LHP Chad Dominey
Batting: RHB Matt Berkley 0-0: Foul Ball, location: 2F
0-1: Ball
1-1: Ball
2-1: Ground out 5-3 (Groundball, 5S, EV 88.1 MPH)
Batting: RHB David Aguilar 0-0: Ball
1-0: Called Strike
1-1: Swinging Strike
1-2: Strikes out looking
Batting: RHB Kumar Madugula 0-0: Ball
1-0: Called Strike
1-1: Called Strike
1-2: Strikes out swinging
Top of the 9th over - 0 runs, 0 hits, 0 errors, 0 left on base; Tacoma 3 - Fresno 6
Thursday, March 31st , 2022 - OOTP Baseball 22.12 Build 89